 Dungeon Crawl Stone Soup version 0.28.0-53-g5a82cb258f (webtiles) character file.

Game seed: 18350146789148373985

1363 Godmorgon the Cudgeller (level 8, -10/70 HPs)
             Began as a Minotaur Fighter on Aug 11, 2022.
             Was a Follower of the Shining One.
             Mangled by a five-headed hydra (12 damage)
             ... on level 6 of the Dungeon.
             The game lasted 00:21:33 (6046 turns).

Godmorgon the Cudgeller (Minotaur Fighter)          Turns: 6046, Time: 00:21:34

Health: -10/70     AC: 11    Str: 23    XL:     8   Next: 38%
Magic:  9/9        EV:  8    Int:  5    God:    the Shining One [*.....]
Gold:   217        SH:  5    Dex: 10    Spells: 7/7 levels left

rFire   . . .      SeeInvis .   a - +2 flail (vorpal)
rCold   . . .      Faith    .   c - +0 buckler
rNeg    . . .      Spirit   .   s - +0 chain mail
rPois   .          Reflect  .   (helmet restricted)
rElec   .          Harm     .   n - +0 cloak
rCorr   .          Rampage  .   (no gloves)
Will    .....                   (no boots)
Stlth   ..........              (no amulet)
HPRegen 0.21/turn               (no ring)
MPRegen 0.11/turn               (no ring)

@: glowing
A: horns 2, retaliatory headbutt
a: Renounce Religion, Divine Shield


You were on level 6 of the Dungeon.
You worshipped the Shining One.
The Shining One was aware of your devotion.
You visited 2 branches of the dungeon, and saw 7 of its levels.

You collected 217 gold pieces.

Inventory:

Hand Weapons
 a - a +2 vorpal flail (weapon)
Missiles
 r - 2 boomerangs
 t - 4 poisoned darts
 x - 5 datura-tipped darts
Armour
 c - a +0 buckler (worn)
 n - a +0 cloak (worn)
 s - a +0 chain mail (worn)
Jewellery
 b - a ring of see invisible
Wands
 u - a wand of charming (6)
 B - a wand of flame (11) (quivered)
Scrolls
 e - a scroll of vulnerability
 h - 2 scrolls of magic mapping
 k - 2 scrolls of teleportation
 o - 2 scrolls of brand weapon
 p - a scroll of silence {unknown}
 y - a scroll of fog {unknown}
 A - a scroll of torment {unknown}
Potions
 d - 2 potions of might
 f - 2 potions of curing
 g - a potion of heal wounds {unknown}
 i - a potion of invisibility {unknown}
 j - a potion of haste {unknown}
 l - 2 potions of brilliance {unknown}
 m - 2 potions of flight
 q - a potion of magic {unknown}
 v - a potion of berserk rage {unknown}
 w - a potion of ambrosia {unknown}
 z - a potion of lignification {unknown}


   Skills:
 + Level 5.9 Fighting
 * Level 7.1 Maces & Flails
 + Level 3.4 Throwing
 + Level 5.9 Armour
 + Level 3.2 Dodging
 - Level 5.0 Shields
 + Level 2.9 Invocations


You had 7 spell levels left.
You didn't know any spells.
Your spell library was empty.

Dungeon Overview and Level Annotations

Branches:
Dungeon (6/15)             Temple (1/1) D:5

Altars:
Cheibriados
Fedhas
Gozag
Hepliaklqana
Kikubaaqudgha
Makhleb
Nemelex Xobeh
Okawaru
Qazlal
Sif Muna
Trog
Uskayaw
Vehumet
Wu Jian
Xom
Yredelemnul
Zin
The Shining One

Annotations:
D:4 1 runed translucent door, Edmund; fleet's ghost, amateur OpBr


Innate Abilities, Weirdness & Mutations

You have a pair of horns on your head.
You reflexively headbutt those who attack you in melee.


Message History

The puff of flame hits the five-headed hydra.
The five-headed hydra is moderately wounded.
You sock the five-headed hydra! You headbutt the five-headed hydra!
The five-headed hydra is heavily wounded.
The five-headed hydra bites you. The five-headed hydra bites you!
The five-headed hydra bites you.
The five-headed hydra bites you but does no damage. x2
You hit the five-headed hydra.
The five-headed hydra is heavily wounded.
The five-headed hydra bites you. x2
The five-headed hydra bites you but does no damage.
The five-headed hydra barely misses you.
The five-headed hydra bites you but does no damage.
You sock the five-headed hydra!
The five-headed hydra is severely wounded.
You block the five-headed hydra's attack. x2
The five-headed hydra bites you! The five-headed hydra bites you.
The five-headed hydra bites you!
* * * LOW HITPOINT WARNING * * *
Aiming: Throw Flame
Press: ? - help, Q - select action, (/) - cycle Shift-Dir - straight line, f/p - five-headed hydra
Aim: a five-headed hydra (severely wounded, haloed, 93% to hit)
The puff of flame hits the five-headed hydra!
The five-headed hydra is almost dead.
The five-headed hydra misses you.
The five-headed hydra barely misses you.
The five-headed hydra bites you.
* * * LOW HITPOINT WARNING * * *
The five-headed hydra bites you but does no damage.
The five-headed hydra bites you!
* * * LOW HITPOINT WARNING * * *
You feel better.
The five-headed hydra bites you but does no damage.
The five-headed hydra bites you!
* * * LOW HITPOINT WARNING * * *
You block the five-headed hydra's attack.
The five-headed hydra bites you.
* * * LOW HITPOINT WARNING * * *
The five-headed hydra bites you!
You die...

..........#
##.................
..........##
###..............#
...........##
###...........##
............##
###........##
.............##
#####...##
...........#..##
##..##
..........##..##
#...#
..........###..##
#..## ........##
##.@#### ##..#
........#
#..D..####...#
......#
##.......##...#
.####
#.........#..##
#............#
###..........#
##.####....# ###
##..## ## ##.# ##.


You could see a five-headed hydra.

Vanquished Creatures
  A water moccasin (D:5)
  3 ogres
  A necrophage (D:5)
  A centaur (D:4)
  A phantom (D:5)
  2 scorpions (D:5)
  5 hounds
  2 gnoll shamans
  Crazy Yiuf (D:4)
  2 bullfrog skeletons
  A centaur skeleton (D:4)
  An iguana (D:4)
  An orc wizard (D:3)
  A hound zombie (D:5)
  6 gnolls
  A howler monkey skeleton (D:5)
  11 adders
  A worm (D:2)
  12 orcs
  7 bats
  3 endoplasms
  6 giant cockroaches
  8 goblins
  3 hobgoblins
  4 jackals (D:2)
  8 quokkas
  5 ball pythons
  2 frilled lizards (D:3)
  8 kobolds
  9 rats
117 creatures vanquished.

Notes
Turn   | Place    | Note
-------+----------+-------------------------------------------
     0 | D:1      | Godmorgon the Minotaur Fighter began the quest for the Orb.
     0 | D:1      | Reached XP level 1. HP: 19/19 MP: 0/0
   230 | D:1      | Reached XP level 2. HP: 27/27 MP: 1/1
   820 | D:2      | Reached skill level 3 in Maces & Flails
   928 | D:2      | Reached XP level 3. HP: 25/33 MP: 2/2
  1340 | D:2      | Reached skill level 1 in Throwing
  1340 | D:2      | Reached XP level 4. HP: 37/40 MP: 3/3
  1868 | D:3      | Found a glowing golden altar of the Shining One.
  1869 | D:3      | Found a blossoming altar of Fedhas.
  1871 | D:3      | Became a worshipper of the Shining One
  2088 | D:3      | Reached skill level 4 in Maces & Flails
  2589 | D:3      | Reached XP level 5. HP: 33/47 MP: 4/4
  2964 | D:4      | Noticed an ogre
  3128 | D:4      | Killed an ogre
  3129 | D:4      | Reached skill level 5 in Maces & Flails
  3129 | D:4      | Reached skill level 1 in Dodging
  3129 | D:4      | Reached XP level 6. HP: 26/53 MP: 5/5
  3354 | D:4      | Identified the +6 mace "Suicirgh" {drain, +Blink Int+3
                  | Dex+2 SInv}
  3360 | D:4      | Found a runed translucent door.
  3361 | D:4      | Noticed Crazy Yiuf
  3366 | D:4      | Killed Crazy Yiuf
  3367 | D:4      | Reached skill level 1 in Invocations
  3589 | D:4      | Found a runed translucent door.
  3589 | D:4      | Noticed fleet's ghost (amateur OpBr)
  3662 | D:4      | Found an iron altar of Okawaru.
  3797 | D:4      | Found a radiant altar of Vehumet.
  4254 | D:4      | Noticed Edmund
  4401 | D:4      | Reached skill level 5 in Shields
  4401 | D:4      | Reached XP level 7. HP: 59/60 MP: 7/7
  4464 | D:3      | Reached skill level 5 in Fighting
  4464 | D:3      | Reached skill level 5 in Armour
  4652 | D:5      | Entered Level 5 of the Dungeon
  4667 | D:5      | Found an opulent altar of Gozag.
  4724 | D:5      | Reached skill level 6 in Maces & Flails
  4788 | D:5      | Reached * piety under the Shining One
  4800 | D:5      | Reached XP level 8. HP: 58/69 MP: 8/8
  5112 | D:5      | Found a staircase to the Ecumenical Temple.
  5133 | Temple   | Entered the Ecumenical Temple
  5485 | D:5      | Reached skill level 7 in Maces & Flails
  5950 | D:6      | Found a shimmering altar of Xom.
  6000 | D:6      | Noticed a five-headed hydra
  6046 | D:6      | HP: 2/70 [five-headed hydra (4)]
  6046 | D:6      | Mangled by a five-headed hydra

Illustrated notes

Levels and vault maps discovered:
D:1:      minmay_arrival_radiant_lines, layout_basic, chequers_garden
D:2:      layout_basic, chequers_serial_rivers_room_a
D:3:      minmay_evil_eye, layout_basic, nicolae_overflow_squiral,
          wander_ebering_terrifying_dragon_lair
D:4:      layout_gridville, nicolae_vehumet_radiance,
          mainiacjoe_overflow_chevrons, gammafunk_ghost_grave, uniq_edmund,
          uniq_crazy_yiuf_cottage
D:5:      minmay_general_purpose_star, layout_basic, nicolae_gozag_seed_capital,
          minmay_temple_entry_glass, chequers_serial_rivers_room_b,
          kennysheep_generic_room_5
D:6:      layout_cave_pods, mainiacjoe_overflow_boulevard
Temple:   hc_temple_tempest_star

Skill      XL: |  1  2  3  4  5  6  7  8 |
---------------+-------------------------+-----
Maces & Flails | 3 4 5 6 7 |  7.1
Shields        | 4 5 |  5.0
Fighting       | 4 5 |  5.9
Armour         | 4 5 |  5.9
Throwing       | 1 2 3 |  3.4
Dodging        | 1 2 3 |  3.2
Invocations    | 1 2 |  2.9

Action                   |  1- 3 |  4- 6 |  7- 9 || total
-------------------------+-------+-------+-------++-------
Melee: Flail             |   100 |   120 |    66 ||   286
       Headbutt          |    11 |    30 |    12 ||    53
Throw: Dart              |       |     5 |     7 ||    12
       Boomerang         |       |     1 |       ||     1
Evoke: Wand              |       |       |     6 ||     6
  Use: Scroll            |       |     5 |     1 ||     6
       Potion            |       |       |     1 ||     1
Armor: Scale mail        |    72 |    29 |       ||   101
       Chain mail        |       |    22 |    43 ||    65
Dodge: Dodged            |    49 |    52 |    26 ||   127
Block: Buckler           |    23 |    28 |    21 ||    72
